 Dungeon Crawl Stone Soup version 0.29-a0-243-g602b31c20e (webtiles) character file.

Game seed: 3535034130965719132

32153 avis the Brawler (level 13, -3/113 HPs)
             Began as a Hill Orc Monk on Mar 4, 2022.
             Was the Champion of Beogh.
             Slain by an orc knight
             ... wielding a +0 halberd
              (25 damage)
             ... on level 2 of the Orcish Mines on Mar 5, 2022.
             The game lasted 02:42:11 (23362 turns).

avis the Brawler (Hill Orc Monk)                   Turns: 23362, Time: 02:42:12

Health: -3/113     AC: 19    Str: 21    XL:     13   Next: 62%
Magic:  12/20      EV: 13    Int: 17    God:    Beogh [******]
Gold:   1359       SH:  0    Dex: 13    Spells: 14/22 levels left

rFire   . . .      SeeInvis .     - Unarmed
rCold   . . .      Faith    .   (shield currently unavailable)
rNeg    . . .      Spirit   .   d - +0 steam dragon scales
rPois   .          Reflect  .   c - +0 hat {Int+3}
rElec   .          Harm     .   (no cloak)
rCorr   .          Rampage  .   (gloves currently unavailable)
Will    .....                   q - +2 pair of boots
Stlth   ++........              g - amulet of regeneration
HPRegen 1.08/turn               x - +4 ring of protection
MPRegen 0.17/turn               t - +6 ring of strength

@: ice-armoured, blade hands
A: walk on water
a: End Transformation, Renounce Religion, Smiting, Recall Orcish Followers, Give
Item to Named Follower, Resurrection


You were on level 2 of the Orcish Mines.
You worshipped Beogh.
Beogh was exalted by your worship.
You had blades for hands.
You visited 4 branches of the dungeon, and saw 18 of its levels.

You collected 1647 gold pieces.
You spent 288 gold pieces at shops.

Inventory:

Hand Weapons
 b - a +1 morningstar of protection
 l - a +0 trident
 n - a +0 short sword of holy wrath
 w - a +3 shortbow
 B - a +0 halberd
Missiles
 h - 5 boomerangs of dispersal (quivered)
Armour
 c - a +0 hat of intelligence (worn)
 d - +0 steam dragon scales (worn)
 j - a +1 pair of gloves (melded)
 m - a +0 chain mail
 p - a +0 chain mail
 q - a +2 pair of boots (worn)
 z - a +0 buckler (melded)
 C - a +0 plate armour
Jewellery
 e - a ring of poison resistance
 g - an amulet of regeneration (around neck)
 o - a ring of see invisible
 t - a +6 ring of strength (right blade hand)
 x - a +4 ring of protection (left blade hand)
Wands
 u - a wand of paralysis (7)
 A - a wand of flame (7)
 Q - a wand of mindburst (16)
 V - a wand of charming (7)
 W - a wand of iceblast (8)
Scrolls
 f - a scroll of silence {unknown}
 i - 2 scrolls of fear {unknown}
 s - 2 scrolls of blinking {unknown}
 y - 2 scrolls of amnesia {unknown}
 F - 5 scrolls of teleportation
 K - a scroll of vulnerability {unknown}
 O - a scroll of fog {unknown}
 T - 2 scrolls of magic mapping {unknown}
Potions
 a - 2 potions of haste
 k - a potion of brilliance {unknown}
 r - 2 potions of flight
 L - 2 potions of magic
 S - 3 potions of curing


   Skills:
 - Level 10.0 Fighting
 - Level 5.0 Armour
 - Level 5.0 Dodging
 - Level 1.5 Stealth
 - Level 4.0 Shields
 - Level 15.0 Unarmed Combat
 - Level 5.0 Spellcasting
 * Level 9.6 Transmutations
 - Level 4.0 Ice Magic
 - Level 4.0 Invocations


You had 14 spell levels left.
You knew the following spells:

 Your Spells              Type           Power      Damage    Failure   Level
o - Ozocubu's Armour      Ice            17%        N/A       43%         3
B - Blade Hands           Tmut           18%        N/A       41%         5

Your spell library contained the following spells:

 Spells                   Type           Power      Damage    Failure   Level
 Ignite Poison            Fire/Tmut/Pois 15%        N/A       50%         3
 Animate Skeleton         Necr           8%         N/A       54%         1
 Magic Dart               Conj           16%        1d3       54%         1
 Pain                     Necr           16%        1d4       54%         1
 Call Imp                 Summ           4%         N/A       65%         2
 Conjure Flame            Conj/Fire      4%         6-21      80%         3
 Mephitic Cloud           Conj/Pois/Air  4%         N/A       80%         3
 Portal Projectile        Hex/Tloc       8%         N/A       80%         3
 Vampiric Draining        Necr           4%         2d6       80%         3
 Animate Dead             Necr           2%         N/A       98%         4
 Sticky Flame             Conj/Fire      4%         2d3       98%         4
 Borgnjor's Vile Clutch   Necr/Erth      2%         N/A       100%        5
 Excruciating Wounds      Necr           2%         N/A       100%        5
 Death Channel            Necr           2%         N/A       100%        6
 Ozocubu's Refrigeration  Ice            8%         4d6       100%        7
 Chain Lightning          Conj/Air       2%         3d2       100%        9
 Fire Storm               Conj/Fire      2%         8d1       100%        9
 Shatter                  Erth           2%         3d6*      100%        9


Dungeon Overview and Level Annotations

Branches:
Dungeon (10/15)            Temple (1/1) D:7            Lair (5/6) D:9
  Swamp (0/4) Lair:2        Snake (0/4) Lair:4          Orc (2/2) D:9
    Elf (0/3) Orc:2
  Slime: Lair:5-6

Altars:
Ashenzari
Cheibriados
Gozag
Hepliaklqana
Kikubaaqudgha
Makhleb
Okawaru
Qazlal
Ru
Sif Muna
Trog
Uskayaw
Vehumet
Wu Jian
Xom

Shops:
D:5 *   D:10 (

Annotations:
Lair:2 1 runed translucent door, 2 transporters, drugrobin's ghost, journeyman DgFi
Lair:4 hive with ring
Lair:5 3 runed translucent doors, Dowoeg's ghost, journeyman DjWn; Keloch's ghost, journeyman HuFi; Mysukhlell's ghost, journeyman DrTm; Vainiore's ghost, journeyman VSTm
Orc:1 1 runed translucent door, Kissindre's ghost, novice DrTm


Message History

You kill the hellwing!
The hellwing disappears in a puff of smoke!
Something hits your orc warrior but does no damage.
Something misses your orc warrior.
The orc sorcerer gestures wildly while chanting.
Something hits your orc warrior. Something misses your orc warrior.
Something hits your orc warrior but does no damage.
Your orc warrior hits something with a +0 mace!
What are your orders? t - Shout!
Orders for allies: a - Attack new target. r - Retreat! s - Stop attacking. g - Guard the area. f - Follow me.
Anything else - Cancel.
Retreat in which direction?
Press: ? - help, Dir - move target Fall back!
Something hits your orc warrior but does no damage.
Something hits your orc warrior.
Something hits your orc warrior but does no damage.
The orc warlord roars a battlecry!
The orc knight goes into a battle-frenzy!
Something closely misses your orc warrior. x2
The orc knight hits you from afar with a +0 halberd!!!
* * * LOW HITPOINT WARNING * * *
You hit the orc sorcerer.
The orc sorcerer is lightly wounded.
An orc sorcerer comes into view.
It is wielding a +2 dagger of freezing and wearing a +1 robe of willpower.
The ufetubus misses you. The ufetubus closely misses you.
Unknown command.
You feel much better.
Your orc no longer looks unusually strong.
The ufetubus hits you but does no damage.
The ufetubus hits you.
* * * LOW HITPOINT WARNING * * *
Something hits your orc warrior.
Something closely misses your orc warrior.
The orc knight hits you from afar with a +0 halberd!!
You die...
Beogh appreciates the orc knight's killing of a heretic priest.

#.## ## ##.## ###..## ###
##.##...## ####.....## ###
##.###...##..##
###..#......###.###...##.........
.##........<.#....#..#.##........
##.....#...####......o..##.......
##.....##..)...##.......#........
.......###.....ยง#................
......###.......@o........#......
.......##....##.#5.)..#..........
......##......####o.3...........#
#......#.....## #.oo...........#.
###........### ##.o3............ #
#........# #....o........... #
##.#....## ##.oo............ #
####.#.# ##.4)........... ##
#..### #.{......#..#..


You could see an orc knight (strong), an orc high priest (strong), 2 ynoxinuls,
a chaos spawn (summoned, wandering), 3 orc sorcerers, an ufetubus (summoned), 2
friendly orc warriors and a friendly orc.

Vanquished Creatures
  Gastronok (Lair:1)
  A boulder beetle (D:9)
  A catoblepas (Lair:5)
  2 hydras
  A two-headed ogre (D:8)
  3 death yaks (Lair:3)
  A swamp dragon (Lair:2)
  An orc knight (Orc:2)
  3 elephants (Lair:5)
  2 black mambas
  5 cane toads
  A kobold demonologist (D:5)
  4 komodo dragons
  A tengu conjurer (D:9)
  2 rime drakes (Lair:4)
  A troll (Orc:2)
  A polar bear (Lair:4)
  A hornet (D:9)
  11 blink frogs
  A shadow (D:9)
  2 vampires
  3 wyverns
  29 yaks
  3 basilisks
  A steam dragon (D:7)
  9 water moccasins
  2 black bears
  2 sky beasts
  A hornet zombie (D:9)
  6 orc warriors
  7 ogres
  18 wolves
  7 centaurs
  2 phantoms
  Blork the orc (D:6)
  3 kobold brigands
  5 bullfrogs
  5 necrophages (D:9)
  A gnoll sergeant (D:8)
  4 scorpions
  4 wights (D:9)
  28 killer bees
  3 centaur zombies (D:9)
  3 hounds
  3 orc priests
  7 iguanas
  4 jellies
  A human zombie (D:9)
  A gnoll shaman (D:9)
  10 orc wizards
  2 hell rats (Lair:4)
  A killer bee zombie (D:9)
  8 gnolls
  5 adders
  A shadow imp (D:5)
  2 ufetubi
  2 worms
  5 dart slugs
  9 orcs
  3 endoplasms
  3 giant cockroaches
  6 goblins
  5 hobgoblins
  8 jackals
  11 kobolds
  4 quokkas
  8 ball pythons
  4 bats
  3 frilled lizards
  8 rats
317 creatures vanquished.

Vanquished Creatures (collateral kills)
  A hydra (Lair:4)
  A two-headed ogre (D:10)
  2 death yaks (Lair:3)
  A cane toad (Lair:5)
  2 komodo dragons
  2 polar bears (Lair:3)
  A meliai (Lair:5)
  2 blink frogs
  4 yaks (Lair:4)
  A steam dragon (D:10)
  2 water moccasins (Lair:3)
  4 wolves
  A centaur (D:10)
  3 bullfrogs
  24 killer bees
  A howler monkey (D:10)
  2 orc priests
  2 hell rats (Lair:3)
  2 orc wizards (Orc:2)
  5 orcs
63 creatures vanquished.

Vanquished Creatures (others)
  4 orc warriors (Orc:2)
  6 orc wizards
  6 orc priests
  15 orcs
  19 fungi
  28 plants
78 creatures vanquished.

Grand Total: 458 creatures vanquished

Notes
Turn   | Place    | Note
-------+----------+-------------------------------------------
     0 | D:1      | avis the Hill Orc Monk began the quest for the Orb.
     0 | D:1      | Reached XP level 1. HP: 19/19 MP: 1/1
   137 | D:1      | Found a faded altar of an unknown god.
   234 | D:1      | Reached XP level 2. HP: 22/27 MP: 2/2
   825 | D:1      | Reached skill level 5 in Fighting
   825 | D:1      | Reached XP level 3. HP: 31/36 MP: 3/3
  1652 | D:2      | Reached XP level 4. HP: 43/44 MP: 4/4
  2643 | D:3      | Found a sacrificial altar of Ru.
  2715 | D:3      | Found a radiant altar of Vehumet.
  2739 | D:3      | Reached XP level 5. HP: 50/51 MP: 5/5
  2895 | D:3      | Became a worshipper of Beogh the Brigand
  2895 | D:3      | Reached * piety under Beogh
  2895 | D:3      | Reached ** piety under Beogh
  3489 | D:4      | Reached skill level 1 in Invocations
  3607 | D:4      | Identified the +0 leather armour of Filth {Int+3 Stlth+}
  3682 | D:4      | Reached XP level 6. HP: 51/60 MP: 5/8
  3688 | D:4      | Learned a level 5 spell: Blade Hands
  3975 | D:4      | Reached skill level 1 in Transmutations
  4064 | D:4      | Reached skill level 1 in Spellcasting
  4558 | D:5      | Entered Level 5 of the Dungeon
  4760 | D:5      | Found a hazy altar of Hepliaklqana.
  4791 | D:5      | Found Feoh's General Store.
  4868 | D:5      | Reached XP level 7. HP: 25/66 MP: 10/10
  5117 | D:5      | Noticed a kobold demonologist
  5125 | D:5      | Noticed an ice devil
  5127 | D:5      | Killed a kobold demonologist
  5184 | D:5      | Reached XP level 8. HP: 8/73 MP: 12/12
  6223 | D:5      | Found a hide-covered altar of Uskayaw.
  6302 | D:6      | Noticed Blork the orc
  6412 | D:5      | Reached skill level 5 in Transmutations
  7138 | D:6      | Reached XP level 9. HP: 58/79 MP: 9/15
  7312 | D:6      | Found a snail-covered altar of Cheibriados.
  8046 | D:6      | Killed Blork the orc
  8694 | D:7      | Reached *** piety under Beogh
  8862 | D:7      | Reached skill level 5 in Spellcasting
  9083 | D:7      | Reached XP level 10. HP: 66/86 MP: 13/17
  9372 | D:7      | Found a staircase to the Ecumenical Temple.
  9378 | Temple   | Entered the Ecumenical Temple
  9737 | D:7      | Found an opulent altar of Gozag.
  9942 | D:5      | Bought Ozocubu's Autobiography for 288 gold pieces
  9946 | D:5      | Learned a level 3 spell: Ozocubu's Armour
 10648 | D:8      | Noticed a two-headed ogre
 10656 | D:8      | Killed a two-headed ogre
 11212 | D:9      | Reached skill level 4 in Unarmed Combat
 11606 | D:9      | Reached skill level 5 in Unarmed Combat
 11734 | D:9      | Reached skill level 6 in Unarmed Combat
 11817 | D:9      | Noticed a boulder beetle
 11837 | D:9      | Killed a boulder beetle
 11838 | D:9      | Reached skill level 7 in Unarmed Combat
 11838 | D:9      | Reached XP level 11. HP: 40/94 MP: 11/18
 12208 | D:9      | Found an iron altar of Okawaru.
 12271 | D:9      | Reached skill level 8 in Unarmed Combat
 12416 | D:9      | Found a staircase to the Lair.
 12422 | D:9      | Found a staircase to the Orcish Mines.
 12521 | D:9      | Reached skill level 9 in Unarmed Combat
 12521 | D:9      | Reached skill level 1 in Armour
 12525 | D:9      | Reached **** piety under Beogh
 12847 | D:9      | Found an ancient bone altar of Kikubaaqudgha.
 12940 | D:9      | Reached skill level 5 in Armour
 13265 | Lair:1   | Entered Level 1 of the Lair of Beasts
 13490 | Lair:1   | Noticed Gastronok
 13512 | Lair:1   | Killed Gastronok
 13513 | Lair:1   | Reached skill level 5 in Dodging
 13513 | Lair:1   | Reached skill level 1 in Shields
 14636 | Lair:1   | Upgraded the game from 0.29-a0-234-g0dae59b3db to
                  | 0.29-a0-243-g602b31c20e
 14661 | Lair:2   | Found a runed translucent door.
 14674 | Lair:2   | Reached XP level 12. HP: 97/101 MP: 14/19
 14677 | Lair:2   | Noticed drugrobin's ghost (journeyman DgFi)
 14677 | Lair:2   | Identified the +4 trident "Elysa" {flame, Str+4 Dex+7}
 14764 | Lair:1   | Reached skill level 10 in Unarmed Combat
 15127 | Lair:2   | Found a staircase to the Swamp.
 15361 | Lair:2   | Reached skill level 11 in Unarmed Combat
 15363 | Lair:2   | Reached ***** piety under Beogh
 15647 | Lair:2   | Noticed a seven-headed hydra
 15648 | Lair:2   | Found a transporter.
 15666 | Lair:2   | Killed a seven-headed hydra
 15905 | Lair:2   | Found a transporter.
 16496 | Lair:3   | Noticed a seven-headed hydra
 16762 | Lair:3   | Killed a seven-headed hydra
 16832 | Lair:3   | Reached skill level 10 in Fighting
 17881 | Lair:4   | Noticed a death yak
 17881 | Lair:4   | Noticed a death yak
 17881 | Lair:4   | Noticed a death yak
 17881 | Lair:4   | Noticed a death yak
 17881 | Lair:4   | Noticed a death yak
 18007 | Lair:3   | Killed a death yak
 18008 | Lair:3   | Reached skill level 12 in Unarmed Combat
 18220 | Lair:3   | Killed a death yak
 18223 | Lair:3   | Killed a death yak
 18438 | Lair:3   | Killed a death yak
 18439 | Lair:3   | Reached XP level 13. HP: 76/113 MP: 6/20
 18443 | Lair:3   | Reached skill level 13 in Unarmed Combat
 18678 | Lair:4   | Gained Orbeogh as an ally
 19449 | Lair:4   | Found a staircase to the Snake Pit.
 19503 | Lair:4   | Reached skill level 14 in Unarmed Combat
 20310 | D:10     | Entered Level 10 of the Dungeon
 20310 | D:10     | Found a burning altar of Makhleb.
 20374 | D:10     | Found a broken altar of Ashenzari.
 20466 | D:10     | Found Lohaosot's Weapon Boutique.
 20831 | D:10     | Found a stormy altar of Qazlal.
 20978 | D:10     | Found a shimmering blue altar of Sif Muna.
 21223 | D:10     | Found a bloodstained altar of Trog.
 21477 | Lair:5   | Found a runed translucent gate.
 21484 | Lair:5   | Found a runed translucent gate.
 21658 | Lair:5   | Reached skill level 15 in Unarmed Combat
 21766 | Lair:5   | Reached ****** piety under Beogh
 21821 | Lair:5   | Found a runed translucent gate.
 21822 | Lair:5   | Noticed Mysukhlell's ghost (journeyman DrTm)
 21822 | Lair:5   | Noticed Vainiore's ghost (journeyman VSTm)
 21822 | Lair:5   | Noticed Dowoeg's ghost (journeyman DjWn)
 21822 | Lair:5   | Noticed Keloch's ghost (journeyman HuFi)
 21912 | Orc:1    | Entered Level 1 of the Orcish Mines
 22210 | Orc:1    | Found a runed translucent door.
 22210 | Orc:1    | Noticed Kissindre's ghost (novice DrTm)
 22359 | Orc:2    | Entered Level 2 of the Orcish Mines
 22386 | Orc:1    | Found a shimmering altar of Xom.
 23148 | Orc:2    | Found a staircase to the Elven Halls.
 23358 | Orc:2    | Noticed an orc warlord
 23360 | Orc:2    | HP: 4/113 [orc knight/+0 halberd (42)]
 23362 | Orc:2    | Slain by an orc knight

Illustrated notes

Levels and vault maps discovered:
D:1:      psy_arrival_basics, layout_loops_corners,
          chequers_ecumenical_altar_simple
D:2:      layout_loops_ring
D:3:      kb_forest_paths, layout_loops_ring, mainiacjoe_overflow_alcove_1,
          mainiacjoe_overflow_boulevard
D:4:      layout_basic
D:5:      layout_loops_ring, kennysheep_mini_moat,
          mainiacjoe_overflow_small_starburst, serial_shops,
          nicolae_shop_competitors_out_of_business, columned_hall_lemuel
D:6:      layout_basic, cheibrodos_worm_habitat, uniq_blork_the_orc
D:7:      layout_basic, nicolae_gozag_cash_rules_everything_around_me,
          minmay_temple_entry_wispy
D:8:      layout_basic, serial_corexii_hall, corexii_hall_statues_i,
          corexii_hall_statues_t, chequers_hall_statues_y
D:9:      layout_basic, amcnicky_altar_gilded,
          lemuel_mausoleum_altar_kikubaaqudgha, lair_entry_dummy, orc_0_dummy
D:10:     layout_irregular_city, bloody_trog, mainiacjoe_overflow_chevrons,
          lemuel_tele_altar, grunt_qazlal_sundering,
          mainiacjoe_overflow_brackets, serial_shops, shop, grunt_decor_cap
Temple:   compressed_dpeg_triangle_lava_temple
Lair:1:   layout_chaotic_city, uniq_gastronok
Lair:2:   gammafunk_cloud_chamber, layout_long_grid,
          minmay_swamp_entry_reptiles, ebering_ghost_funeral_grove
Lair:3:   layout_loops_ring, serial_bayou_shore_b, serial_bayou_shore_a,
          grunt_megastairs_2
Lair:4:   wad_woods_minihive, layout_hall_layers, dummy_snake_entry,
          serial_bayou_ford_a
Lair:5:   regret_index_bee_streams, layout_regular_city,
          gammafunk_ghost_cemetery, beast_lair_carwin_3, serial_bayou_shore_b,
          serial_bayou_shore_b
Orc:1:    layout_caves, basic_altar, gammafunk_ghost_grave
Orc:2:    st_orc_congregation, layout_diamond_mine

Skill      XL: |  1  2  3  4  5  6  7  8  9 10 11 12 13 |
---------------+----------------------------------------+-----
Fighting       | 4 5 6 7 8 10 | 10.0
Invocations    | 3 4 |  4.0
Transmutations | 1 3 5 7 9 |  9.6
Spellcasting   | 2 3 4 5 |  5.0
Ice Magic      | 3 4 |  4.0
Unarmed Combat | 7 9 12 15 | 15.0
Armour         | 5 |  5.0
Dodging        | 5 |  5.0
Shields        | 4 |  4.0
Stealth        | |  1.5

Action                   |  1- 3 |  4- 6 |  7- 9 | 10-12 | 13-15 || total
-------------------------+-------+-------+-------+-------+-------++-------
Melee: Trident           |   102 |       |       |       |       ||   102
       Unarmed           |     5 |       |    72 |   416 |   202 ||   695
       Punch             |     4 |     3 |     7 |    22 |     7 ||    43
       Dagger            |    58 |   204 |   213 |       |       ||   475
       Morningstar       |       |       |    28 |    10 |       ||    38
 Fire: Hunting sling     |     3 |    46 |     3 |       |       ||    52
Throw: Dart              |       |       |    22 |       |       ||    22
 Cast: Blade Hands       |       |       |    16 |    53 |    24 ||    93
       Ozocubu's Armour  |       |       |       |    34 |    30 ||    64
Invok: Convert to Beogh  |       |     1 |       |       |       ||     1
       Smiting           |       |     2 |     3 |       |       ||     5
       Give Item to Name |       |       |       |       |     1 ||     1
 Abil: End Transformatio |       |       |       |     1 |       ||     1
Evoke: Wand              |       |       |     3 |     6 |     1 ||    10
  Use: Scroll            |       |     1 |       |     9 |     1 ||    11
       Potion            |       |       |     4 |     4 |     2 ||    10
 Stab: Sleeping          |       |       |     3 |    10 |     1 ||    14
       Paralysed         |       |       |       |     3 |       ||     3
       Distracted        |       |       |       |       |     2 ||     2
Armor: Ring mail         |    59 |       |       |       |       ||    59
       Chain mail        |    35 |    74 |       |       |       ||   109
       Leather armour    |       |    32 |   159 |   193 |    16 ||   400
       Steam dragon scal |       |       |       |       |    45 ||    45
Dodge: Dodged            |    87 |    83 |   161 |   315 |   132 ||   778
Block: Other             |       |       |       |    38 |     3 ||    41
       Buckler           |       |       |       |    40 |    33 ||    73

Table legend: (Time is in decaauts)
 A = Elapsed time spent in this place.
 B = Non-inter-level travel time spent in this place.
 C = Inter-level travel time spent in this place.
 D = Time resting spent in this place.
 E = Time spent auto-exploring this place.
 F = Levels seen in this place.
 G = Mean time per level.
                   A        B        C        D        E       F      G
               +--------+--------+--------+--------+--------+-----+--------+
         Total |  23360 |  21150 |   2210 |   7879 |   7254 |  18 | 1297.8 |
       Dungeon |  14568 |  13140 |   1428 |   4652 |   5273 |  10 | 1456.8 |
        Temple |     29 |     27 |      2 |      0 |      0 |   1 |   29.0 |
          Lair |   7343 |   6687 |    656 |   3185 |   1928 |   5 | 1468.6 |
  Orcish Mines |   1419 |   1296 |    123 |     42 |     53 |   2 |  709.5 |
               +--------+--------+--------+--------+--------+-----+--------+

Top non-repeatable levels by time:
  Lair:3: 2293 daAuts
     D:9: 1988 daAuts
     D:5: 1877 daAuts
  Lair:1: 1796 daAuts
     D:7: 1783 daAuts
     D:6: 1764 daAuts
  Lair:2: 1540 daAuts
  Lair:4: 1483 daAuts
     D:1: 1377 daAuts
     D:4: 1375 daAuts
     D:8: 1317 daAuts
     D:3: 1235 daAuts
     D:2: 936 daAuts
    D:10: 911 daAuts
   Orc:1: 798 daAuts
